AoeStats
← emmasancp

Scandinavia

510497917Analyzed
1v1 RM · 20h ago on Oct 1, 2026· 15m 5s· 2 players
Game mode
Random Map
Map size
Tiny (2 player)
Population
200
Speed
Normal
Resources
Standard
Victory
Conquest
Starting age
Dark Age
Ending age
Imperial Age
RankedLock teamsTeams togetherTeam positionsShared explorationLock speedFull tech treeHidden civsTurbo modeCheats
Victory
Defeat
🇮🇳 Varangians · India
843
+12
🇲🇽 Maya · Mexico
764
-12
emmasancp
0:26 Loom
11:53 Feudal Age
13:13 Double-Bit Axe
14:52 Horse Collar
retinderdeepsingh
1:27 Loom
10:30 Feudal Age
13:40 Double-Bit Axe
14:01 Fishing Lines
Connection lost

Rejoining the realm…

Still unreachable

The connection could not be restored.

Session expired

The server has moved on; the page needs a fresh start.